 Dungeon Sprint DCSS version 0.15-a0-1549-gb42009b (webtiles) character file.

8 BluebellGnoll the Magician (level 2, -1/17 HPs)
             Began as an Octopode Conjurer on June 17, 2014.
             Was an Initiate of Vehumet.
             Slain by a smoke demon (2 damage)
             ... in the Dungeon (Sprint V: "Ziggurat Sprint").
             The game lasted 00:03:16 (111 turns).

BluebellGnoll the Magician (Octopode Conjurer)       Turns: 111, Time: 00:03:18

HP  -1/17        AC  1     Str 19      XL: 2   Next:  8%
MP  12/12        EV 12     Int 29      God: Vehumet [......]
Gold 0           SH  8     Dex 24      Spells:  2 memorised, 12 levels left

rFire  . . .     SeeInvis .     K - +5 quick blade
rCold  . . .     Clarity  .     z - +3 buckler
rNeg   . . .     rCorr    .     (helmet restricted)
rPois  .         rRot     .     (no amulet)
rElec  .         Spirit   .     m - +6 ring of dexterity
SustAb .         Warding  .     n - +6 ring of dexterity
rMut   .         NoTele   +     o - +6 ring of intelligence
Gourm  .                        p - +6 ring of intelligence
MR     .....                    q - +6 ring of strength
                                r - +6 ring of strength
                                (no ring)
                                (no ring)

@: not resistant to hostile enchantments, stealthy
A: almost no armour, amphibious, 8 rings, constrict 8, camouflage 1, gelatinous
body 1
a: Renounce Religion


You were in the Dungeon.
You worshipped Vehumet.
Vehumet was noncommittal.
You were completely stuffed.

You visited 1 branch

Inventory:

Hand weapons
 K - a +5 quick blade (weapon)
 L - the +6 Mace of Variability {chaos}
   (You found it in the Dungeon)

   Each time it hits an enemy it has a different, random effect.
Armour
 z - a +3 buckler (worn)
Magical devices
 a - a wand of disintegration (7)
 j - a wand of fire (5)
 k - a wand of cold (3)
 l - a wand of draining (5)
Comestibles
 b - 5 bread rations
 i - 35 fruits
 J - 4 meat rations
Scrolls
 y - 4 scrolls of amnesia
 C - 3 scrolls of recharging
 D - 7 scrolls of fog
 E - a scroll of holy word
 F - 5 scrolls of identify
 G - 5 scrolls of remove curse
 H - 2 scrolls of fear
 I - 4 scrolls of blinking
Jewellery
 m - a +6 ring of dexterity (left tentacle)
 n - a +6 ring of dexterity (right tentacle)
 o - a +6 ring of intelligence (on tentacle)
 p - a +6 ring of intelligence (on tentacle)
 q - a +6 ring of strength (on tentacle)
 r - a +6 ring of strength (on tentacle)
Potions
 d - 10 potions of curing
 e - 10 potions of heal wounds
 f - 6 potions of haste
 g - 7 potions of magic
 h - 3 potions of berserk rage
 u - 2 potions of brilliance
 v - 2 potions of invisibility
 w - 2 potions of restore abilities
 x - 4 potions of resistance
 A - 5 potions of agility
 B - 5 potions of might
Books
 c - a book of Conjurations

   Spells                             Type                      Level
   *Magic Dart                        Conjuration                  1
   *Searing Ray                       Conjuration                  2
   Dazzling Spray                     Conjuration/Hexes            3
   Fulminant Prism                    Conjuration/Hexes            4
   Iskenderun's Mystic Blast          Conjuration                  4
   Iskenderun's Battlesphere          Conjuration/Charms           5
 s - a tome of Destruction
Miscellaneous
 t - a disc of storms


   Skills:
 * Level 2.1 Dodging
 * Level 2.6 Stealth
 - Level 7.1 Spellcasting
 + Level 4.0 Conjurations


You had 12 spell levels left.
You knew the following spells:

 Your Spells              Type           Power        Failure   Level  Hunger
a - Magic Dart            Conj           ####         1%          1    None
b - Searing Ray           Conj           ####..       1%          2    None


Dungeon Overview and Level Annotations

Branches:
Dungeon (1/1)

Altars:
Ashenzari
Cheibriados
Dithmenos
Elyvilon
Fedhas
Gozag
Kikubaaqudgha
Makhleb
Nemelex Xobeh
Okawaru
Qazlal
Sif Muna
Trog
Vehumet
Xom
Yredelemnul
Zin
The Shining One
Beogh
Jiyva
Lugonu


Innate Abilities, Weirdness & Mutations

You cannot wear most types of armour.
You are amphibious.
You can wear up to eight rings at the same time.
You can use your tentacles to constrict many enemies at once.
Your skin changes colour to match your surroundings (Stealth).
Your rubbery body absorbs attacks (AC +1).


Message History

Zapping:
k - a wand of cold (5)
Press: ? - help, Shift-Dir - straight line, f - smoke demon
Aim: a smoke demon The bolt of cold hits the smoke demon.
The smoke demon is moderately wounded.
This wand has 4 charges left.
The smoke demon hits you. The smoke demon closely misses you.
The smoke demon hits you.
The crimson imp hits you but does no damage.
Evoke which item? (* to show all) (? for menu, Esc to quit)
Zapping:
k - a wand of cold (4)
Press: ? - help, Shift-Dir - straight line, f/p - smoke demon
Aim: a smoke demon (moderately wounded)
The bolt of cold hits the smoke demon.
The smoke demon is heavily wounded.
This wand has 3 charges left.
The smoke demon hits you.
* * * LOW HITPOINT WARNING * * *
The smoke demon hits you.
* * * LOW HITPOINT WARNING * * *
The smoke demon hits you.
You die...

▓▓▓▓▓▓▓▓▓▓▓▓▓
▓.8©8.▓.8©8.▓
▓.)}).▓.....▓
▓..553▓.".[.▓
▓....@▓.....▓
▓.....▓.....▓
▓.....▓.....▓
▓.....▓▓▓▓▓▓▓
▓▓▓▓▓▓▓


You could see a smoke demon, an iron imp and a crimson imp.

Vanquished Creatures
  2 ball pythons (D)
2 creatures vanquished.

Vanquished Creatures (others)
  Sigmund (D)
1 creature vanquished.

Grand Total: 3 creatures vanquished

Notes
Turn   | Place    | Note
--------------------------------------------------------------
     0 | D        | BluebellGnoll, the Octopode Conjurer, began the quest for the Orb.
     0 | D        | Reached XP level 1. HP: 11/11 MP: 3/3
     0 | D        | Found a roughly hewn altar of Beogh.
     0 | D        | Found a corrupted altar of Lugonu.
     1 | D        | Found a white marble altar of Elyvilon.
     2 | D        | Found a sparkling altar of Nemelex Xobeh.
     2 | D        | Found a burning altar of Makhleb.
     2 | D        | Found a deep blue altar of Sif Muna.
     3 | D        | Found a bloodstained altar of Trog.
     4 | D        | Killed Sigmund
     6 | D        | Found an iron altar of Okawaru.
    18 | D        | Found an ancient bone altar of Kikubaaqudgha.
    20 | D        | Found a basalt altar of Yredelemnul.
    20 | D        | Found a radiant altar of Vehumet.
    24 | D        | Reached skill level 7 in Spellcasting
    24 | D        | Reached XP level 2. HP: 17/17 MP: 4/12
    27 | D        | Found a shimmering altar of Xom.
    42 | D        | Became a worshipper of Vehumet
    86 | D        | Entered arena 1.
    94 | D        | Learned a level 2 spell: Searing Ray
   106 | D        | Entered arena 2.
   106 | D        | Noticed an iron imp
   106 | D        | Noticed a crimson imp
   106 | D        | Noticed a smoke demon
   111 | D        | Slain by a smoke demon

Action                   || total
-------------------------++-------
Melee: Quick blade       ||     2
Evoke: Wand              ||     2
  Use: Potion            ||     1
 Stab: Sleeping          ||     2
